 Dungeon Crawl Stone Soup version 0.32-a0-961-gd60f5e5fc7 (webtiles) character file.

Game seed: 11777755655804287331

98 Dittersdorf the Covered (level 4, -2/29 HPs)
             Began as a Gargoyle Fighter on Apr 17, 2024.
             Was an Initiate of Gozag.
             Killed from afar by an orc wizard (6 damage)
             ... with a puff of flame
             ... on level 3 of the Dungeon.
             The game lasted 00:01:41 (1684 turns).

Dittersdorf the Covered (Gargoyle Fighter)          Turns: 1684, Time: 00:01:42

Health: -2/29      AC: 14    Str: 22    XL:     4   Next: 69%
Magic:  4/4        EV: -2    Int:  8    God:    Gozag
Gold:   108        SH:  4    Dex:  9    Spells: 3/3 levels left

rFire   . . .        a - +0 flail
rCold   . . .        c - +0 buckler
rNeg    + . .        f - +0 chain mail
rPois   ∞            (no helmet)
rElec   +            n - scarf {repulsion}
rCorr   .            l - +0 pair of gloves
SInv    .            (no boots)
Will    .....        (no amulet) Stlth
                     (no ring)
HPRegen 0.24/turn    (no ring)
MPRegen 0.09/turn

%: repel missiles
@: constricted
A: sickness immunity, AC +3, negative energy resistance 1, electricity
resistance, torment resistance 1, petrification resistance
a: Renounce Religion, Potion Petition, Call Merchant, Bribe Branch


You were on level 3 of the Dungeon.
You worshipped Gozag.
Gozag was aware of your devotion.
You visited 1 branch of the dungeon, and saw 3 of its levels.

You collected 138 gold pieces.
You paid 30 gold pieces to Gozag.

Inventory:

Hand Weapons
 a - a +0 flail (weapon)
Armour
 c - a +0 buckler (worn)
 f - a +0 chain mail (worn)
 l - a +0 pair of gloves (worn)
 n - a scarf of repulsion (worn)
Scrolls
 b - a scroll of teleportation {unknown}
 i - 2 scrolls of poison {unknown}
 j - a scroll of fear {unknown}
Potions
 d - a potion of might
 e - 2 potions of ambrosia {unknown}
 g - a potion of heal wounds {unknown}
 h - a potion of resistance {unknown}
 k - a potion of curing {unknown}
 m - a potion of cancellation {unknown}
 o - 2 potions of enlightenment {unknown}


   Skills:
 + Level 4.0 Fighting
 + Level 2.9 Maces & Flails
 + Level 4.1 Armour
 + Level 4.0 Shields


You had 3 spell levels left.
You didn't know any spells.
Your spell library contained the following spells:

 Spells                   Type           Power      Damage    Failure   Level
 Necrotise                Necr           0%         1d4       98%         1
 Shock                    Conj/Air       0%         1d3       98%         1
 Swiftness                Air            0%         N/A       100%        3
 Vampiric Draining        Necr           0%         2d6       100%        3
 Airstrike                Air            0%         2d(0-16)  100%        4
 Martyr's Knell           Necr/Summ      0%         N/A       100%        4
 Curse of Agony           Necr           0%         N/A       100%        5


Dungeon Overview and Level Annotations

Branches:
Dungeon (3/15)

Altars:
Gozag


Innate Abilities, Weirdness & Mutations

You are immune to sickness and miasma.
Your stone body is resilient. (AC +3)
You are immune to poison.
You resist negative energy. (rN+)
You are resistant to electric shocks. (rElec)
You are resistant to unholy torment.
You are immune to petrification.


Message History

The ball python constricts you.
You hear some strange, mumbled words.
A puff of flame appears from out of thin air!
The puff of flame hits you!
The frilled lizard bites you but does no damage.
The hobgoblin hits you but does no damage.
The frilled lizard bites you but does no damage.
Something hits you.
* * * LOW HITPOINT WARNING * * *
You block the ball python's attack. The ball python constricts you.
The hobgoblin hits you.
* * * LOW HITPOINT WARNING * * *
The frilled lizard bites you but does no damage.
Something hits you but does no damage. x2
The frilled lizard bites you but does no damage.
You are too injured to fight recklessly!
You are too injured to fight recklessly!
You are too injured to fight recklessly!
You are too injured to fight recklessly!
You are too injured to fight recklessly!
You are too injured to fight recklessly!
You are too injured to fight recklessly!
The ball python's grasp on you weakens, but your attempt to escape fails.
The ball python bites you but does no damage.
The ball python constricts you.
* * * LOW HITPOINT WARNING * * *
Something hits you but does no damage.
The frilled lizard completely misses you.
The hobgoblin hits you but does no damage.
Something hits you.
* * * LOW HITPOINT WARNING * * *
The frilled lizard bites you but does no damage.
The ball python's grasp on you weakens, but your attempt to escape fails.
You block the ball python's attack. The ball python constricts you.
* * * LOW HITPOINT WARNING * * *
You hear some strange, mumbled words.
A puff of flame appears from out of thin air!
The puff of flame hits you.
You die...
Your body crumbles into a pile of gold.

.......>..
#........#
##........##
#..........#
#..........#
#....o.....#
#...{lg....#
#...{@So...#
##.<$.l.....#
##......#...
######.....
.#.# # #


You could see 2 orcs, a hobgoblin, a ball python and 2 frilled lizards.

Vanquished Creatures
  3 adders (D:2)
  A gnoll (D:1)
  2 dart slugs
  An orc (D:3)
  3 endoplasms
  3 giant cockroaches (D:1)
  7 goblins
  4 hobgoblins
  2 jackals (D:2)
  4 kobolds
  3 quokkas
  6 ball pythons
  4 bats
  3 frilled lizards
  8 rats
54 creatures vanquished.

Notes
Turn   | Place    | Note
-------+----------+-------------------------------------------
     0 | D:1      | Dittersdorf the Gargoyle Fighter began the quest for the
                  | Orb.
     0 | D:1      | Reached XP level 1. HP: 14/14 MP: 1/1
   116 | D:1      | Found a faded altar of an unknown god.
   187 | D:1      | Reached XP level 2. HP: 6/19 MP: 2/2
   508 | D:1      | Reached XP level 3. HP: 19/23 MP: 3/3
   995 | D:2      | Reached XP level 4. HP: 29/29 MP: 4/4
  1315 | D:2      | Found an opulent altar of Gozag.
  1380 | D:2      | Became a worshipper of Gozag Ym Sagoz the Greedy
  1684 | D:3      | Killed from afar by an orc wizard

Illustrated notes

Levels and vault maps discovered:
D:1:      minmay_arrival_radiant_lines, layout_basic,
          hellmonk_ecumenical_altar_pennies_from_heaven, corexii_hall_statues_u,
          minivault_11
D:2:      wad_crossroads, layout_basic, basic_altar
D:3:      layout_rooms, minivault_26

Skill      XL: |  1  2  3  4 |
---------------+-------------+-----
Armour         | 4 |  4.1
Fighting       | 4 |  4.0
Shields        | 4 |  4.0
Maces & Flails | |  2.9

Action                     |  1- 3 |  4- 6 || total
---------------------------+-------+-------++-------
  Melee: Flail             |    97 |    88 ||   185
 Armour: Scale mail        |    23 |       ||    23
         Chain mail        |    54 |   138 ||   192
  Dodge: Dodged            |    38 |    52 ||    90
  Block: Buckler           |    20 |    26 ||    46

Table legend: (Time is in decaauts)
 A = Elapsed time spent in this place.
 B = Non-inter-level travel time spent in this place.
 C = Inter-level travel time spent in this place.
 D = Time resting spent in this place.
 E = Time spent auto-exploring this place.
 F = Levels seen in this place.
 G = Mean time per level.
                   A        B        C        D        E       F      G
               +--------+--------+--------+--------+--------+-----+--------+
         Total |   1740 |   1685 |     55 |    118 |   1105 |   3 |  580.0 |
       Dungeon |   1740 |   1685 |     55 |    118 |   1105 |   3 |  580.0 |
               +--------+--------+--------+--------+--------+-----+--------+

Top non-repeatable levels by time:
     D:2: 851 daAuts
     D:1: 822 daAuts
     D:3: 65 daAuts
